AoeStats
← la Campanella

Black Forest

507465074Analyzed
4v4 RM · 14d ago on Sep 18, 2026· 47m 43s· 8 players
Game mode
Random Map
Map size
Large (8 player)
Population
200
Speed
Normal
Resources
Standard
Victory
Conquest
Starting age
Dark Age
Ending age
Imperial Age
RankedLock teamsTeams togetherTeam positionsShared explorationLock speedFull tech treeHidden civsTurbo modeCheats
Victory
Defeat
🇨🇳 Goths · China
1148
+16
🇨🇳 Britons · China
1137
+16
🇨🇳 Persians · China
1104
+18
🇨🇳 Khmer · China
1079
+19
🇨🇳 Portuguese · China
1202
-19
🇮🇳 Chinese · India
1178
-19
🇩🇪 Italians · Germany
1116
-16
🇦🇺 Koreans · Australia
1082
-15
uu
0:55 Loom
11:46 Feudal Age
13:43 Horse Collar
13:50 Double-Bit Axe
16:32 Castle Age
17:38 Bow Saw
17:32 Heavy Plow
18:12 Wheelbarrow
21:19 Stone Mining
21:52 Gold Mining
24:29 Stone Shaft Mining
24:12 Hand Cart
30:00 Imperial Age
28:10 Squires
29:29 Forging
29:19 Scale Mail Armor
30:20 Ballistics
31:37 Iron Casting
31:17 Chain Mail Armor
32:10 Chemistry
31:57 Town Watch
33:18 Blast Furnace
33:03 Masonry
33:58 Conscription
36:05 Elite Huskarl
36:47 Anarchy
36:50 Fletching
37:00 Padded Archer Armor
37:03 Caravan
37:35 Perfusion
38:57 Crop Rotation
40:32 Two-Man Saw
40:35 Man-at-Arms
41:43 Long Swordsman
42:24 Two-Handed Swordsman
43:52 Architecture
43:13 Champion
44:30 Bodkin Arrow
GoMidNotCorner
12:49 Feudal Age
13:30 Double-Bit Axe
16:29 Castle Age
14:16 Horse Collar
17:32 Wheelbarrow
17:38 Bow Saw
17:29 Heavy Plow
18:02 Stone Mining
23:55 Hand Cart
23:36 Gold Mining
25:53 Town Watch
25:54 Loom
26:20 Crossbowman
26:55 Fletching
29:58 Imperial Age
28:06 Fortified Wall
28:30 Bodkin Arrow
28:35 Padded Archer Armor
28:50 Masonry
29:42 Gold Shaft Mining
30:45 Ballistics
30:52 Bracer
30:27 Arbalester
31:55 Conscription
33:10 Two-Man Saw
33:16 Chemistry
32:47 Architecture
32:24 Siege Engineers
35:00 Hoardings
34:31 Town Patrol
41:51 Yeomen
43:01 Caravan
46:26 Warwolf
la Campanella
11:41 Feudal Age
16:40 Castle Age
15:15 Double-Bit Axe
15:53 Gold Mining
15:56 Stone Mining
16:16 Scale Barding Armor
26:43 Gold Shaft Mining
27:12 Stone Shaft Mining
28:03 Bow Saw
27:42 Horse Collar
30:35 Heavy Plow
32:21 Chain Barding Armor
32:02 Padded Archer Armor
32:13 Forging
34:47 Imperial Age
32:56 Wheelbarrow
32:11 Loom
33:18 Town Watch
34:00 Husbandry
34:10 Bloodlines
34:37 Tusk Swords
35:18 Ballistics
35:08 Fortified Wall
35:51 Conscription
35:22 Elite Battle Elephant
36:58 Plate Barding Armor
37:57 Chemistry
43:53 Siege Engineers
44:30 Iron Casting
46:11 Blast Furnace
45:28 Leather Archer Armor
45:29 Elite Ballista Elephant
47:53 Caravan
Gentle Foam
1:46 Loom
17:09 Feudal Age
23:32 Castle Age
24:06 Double-Bit Axe
24:41 Scale Barding Armor
25:09 Horse Collar
31:10 Fletching
35:23 Wheelbarrow
36:01 Heavy Plow
36:19 Bow Saw
41:53 Imperial Age
41:48 Hand Cart
42:20 Forging
42:15 Cavalier
42:56 Husbandry
44:29 Bloodlines
44:22 Gold Mining
43:59 Heavy Camel Rider
46:18 Savar
47:17 Town Watch
RiGhT
0:30 Loom
10:20 Feudal Age
10:53 Feudal Age
14:32 Castle Age
12:32 Double-Bit Axe
12:29 Horse Collar
16:21 Wheelbarrow
16:30 Bow Saw
21:42 Heavy Plow
22:57 Town Watch
28:07 Imperial Age
26:35 Hand Cart
27:35 Gold Mining
28:58 Hand Cart
29:04 Hand Cart
28:44 Gold Mining
28:46 Stone Mining
28:24 Capped Ram
29:00 Fletching
29:12 Padded Archer Armor
29:13 Scale Mail Armor
29:41 Conscription
29:45 Rocketry
30:13 Chain Mail Armor
30:03 Squires
29:49 Arson
30:22 Fletching
30:45 Forging
31:19 Plate Mail Armor
31:28 Gold Shaft Mining
31:31 Stone Shaft Mining
30:43 Siege Ram
32:29 Iron Casting
34:39 Blast Furnace
33:30 Pikeman
34:03 Halberdier
34:52 Halberdier
40:55 Fletching
42:43 Chemistry
41:41 Murder Holes
42:33 Bodkin Arrow
44:07 Two-Man Saw
Angel of War603
0:27 Loom
16:50 Feudal Age
18:32 Fletching
25:06 Castle Age
23:27 Double-Bit Axe
26:25 Bodkin Arrow
34:20 Town Watch
35:16 Wheelbarrow
35:07 Horse Collar
36:35 Hand Cart
37:40 Fortified Wall
37:49 Heavy Plow
38:54 Masonry
41:44 Murder Holes
42:06 Town Patrol
45:50 Imperial Age
44:09 Town Patrol
44:34 Ballistics
43:55 Treadmill Crane
44:23 Gold Mining
45:39 Bow Saw
47:07 Conscription
繁星qwq
0:46 Loom
11:01 Feudal Age
13:49 Wheelbarrow
15:52 Castle Age
14:39 Double-Bit Axe
17:52 Wheelbarrow
24:01 Bow Saw
25:34 Ballistics
25:40 Hand Cart
25:21 Gold Mining
27:26 Masonry
27:32 Horse Collar
28:01 Stone Mining
28:45 Ballistics
28:27 Fletching
31:44 Imperial Age
30:20 Bodkin Arrow
30:26 Padded Archer Armor
31:53 Elite Organ Gun
33:59 Conscription
34:44 Arquebus
38:00 Chemistry
37:31 Architecture
40:27 Bombard Tower
43:22 Two-Man Saw
42:36 Treadmill Crane
43:02 Siege Engineers
Mr. FU
0:29 Loom
1:52 Loom
11:06 Feudal Age
13:07 Double-Bit Axe
16:55 Castle Age
15:08 Stone Mining
16:11 Horse Collar
24:11 Wheelbarrow
24:43 Fletching
25:46 Hand Cart
30:00 Imperial Age
27:47 Gold Mining
28:35 Stone Shaft Mining
28:24 Padded Archer Armor
28:35 Caravan
29:26 Silk Road
29:27 Bow Saw
29:38 Heavy Plow
30:02 Ballistics
31:09 Sanctity
31:53 Conscription
33:05 Chemistry
32:57 Masonry
33:14 Block Printing
33:24 Illumination
34:18 Hoardings
35:06 Two-Man Saw
35:08 Fervor
35:36 Theocracy
35:05 Bodkin Arrow
35:25 Leather Archer Armor
36:33 Devotion
36:35 Atonement
37:09 Scale Mail Armor
37:19 Forging
37:47 Architecture
37:28 Fortified Wall
37:01 Treadmill Crane
36:54 Elite Genoese Crossbowman
37:16 Man-at-Arms
37:56 Squires
38:18 Chain Mail Armor
38:42 Murder Holes
39:41 Iron Casting
38:29 Long Swordsman
38:31 Pikeman
38:56 Two-Handed Swordsman
40:00 Redemption
39:47 Herbal Medicine
41:15 Blast Furnace
41:00 Plate Mail Armor
40:05 Champion
Connection lost

Rejoining the realm…

Still unreachable

The connection could not be restored.

Session expired

The server has moved on; the page needs a fresh start.